 Dungeon Crawl Stone Soup version 0.24-a0-530-g18ba70b503 (webtiles) character file.

Game seed: 15191002603990558575

109 Gargoyl the Skirmisher (level 4, -16/41 HPs)
             Began as a Centaur Abyssal Knight on Aug 8, 2019.
             Was a Follower of Lugonu.
             Killed from afar by an efreet (39 damage)
             ... with a bolt of fire
             ... on level 3 of the Abyss.
             The game lasted 00:01:30 (244 turns).

Gargoyl the Skirmisher (Centaur Abyssal Knight)      Turns: 244, Time: 00:01:30

Health: -16/41     AC:  4    Str: 15      XL:     4   Next: 59%
Magic:  5/5        EV:  9    Int: 10 (11) God:    Lugonu [*.....]
Gold:   59         SH:  0    Dex:  9      Spells: 3/3 levels left

rFire    . . .     SeeInvis .   a - +1 hand axe
rCold    . . .     Gourm    .   (no shield)
rNeg     . . .     Faith    .   b - +0 leather armour
rPois    .         Spirit   .   (no helmet)
rElec    .         Reflect  .   (no cloak)
rCorr    .         Harm     .   (no gloves)
MR       .....                  (no barding)
Stlth    ..........             (no amulet)
HPRegen  0.13/turn              (no ring)
MPRegen  0.09/turn              (no ring)

@: hasted, very quick
A: large, hooves 3, deformed body, speed 2, tough skin 3
a: Depart the Abyss, Renounce Religion


You were on level 3 of the Abyss.
You worshipped Lugonu.
Lugonu was aware of your devotion.
You were not hungry.

You visited 0 branches of the dungeon, and saw 0 of its levels.
You visited the Abyss 1 time.

You collected 59 gold pieces.

Inventory:

Hand Weapons
 a - a +1 hand axe (weapon)
Armour
 b - a +0 leather armour (worn)
Miscellaneous
 e - a lamp of fire
Comestibles
 c - 2 rations


   Skills:
 + Level 4.5 Fighting
 + Level 2.3 Axes
 + Level 1.8 Armour
 + Level 0.7 Dodging
 + Level 2.5 Invocations
 + Level 0.2 Evocations


You had 3 spell levels left.
You didn't know any spells.
Your spell library was empty.

Dungeon Overview and Level Annotations

Branches:
Dungeon (0/15)

Altars:


Innate Abilities, Weirdness & Mutations

You have hooves in place of feet.
Armour fits poorly on your strangely shaped body.
You cover ground very quickly.
You have extremely tough skin. (AC +3)


Message History

The apocalypse crab breathes chaos at you.
The blast of chaos engulfs the starcursed mass.
The starcursed mass completely resists.
The starcursed mass is engulfed in seething chaos.
You hear an indistinct dissonance whispering inside your mind.
A starcursed mass splits.
Unknown command.
You hear rumbling.
The apocalypse crab is engulfed in seething chaos.
The apocalypse crab is moving more slowly.
A starcursed mass splits. x2
The apocalypse crab is engulfed in seething chaos.
Found a ration.
A neqoxec comes into view.
The neqoxec shouts!
An efreet comes into view.
It is wielding a +0 scimitar of flaming.
The efreet gestures at you. The bolt of fire hits you!!!
Ouch! That really hurt!
You die... 4

# .#
...##..#..##.#.##
.X ... . .###..#
..... #X.#.#.
.###.##.##..##.
.. ##.# ##
#..##..##.# .
#...#.#
#○°##.#.##.# .X.
####. #..○#....#
. # ##
#...R...#.... ##
### ...#.3....#
#.% # #.e.@.## #
#. #..#..#..#
##..#.#...#
....#....##
..###......# .
.###...# # ##


You could see a deep elf elementalist, an efreet and a neqoxec.

Vanquished Creatures
  A large abomination (Abyss:3)
1 creature vanquished.

Notes
Turn   | Place    | Note
-------+----------+-------------------------------------------
     0 | Abyss:1  | Gargoyl the Centaur Abyssal Knight began the quest for the
                  | Orb.
     0 | Abyss:1  | Reached XP level 1. HP: 19/19 MP: 2/2
    82 | Abyss:3  | Found a corrupted altar of Lugonu.
    83 | Abyss:3  | Found a corrupted altar of Lugonu.
   157 | Abyss:3  | Noticed a large abomination
   165 | Abyss:3  | Killed a large abomination
   165 | Abyss:3  | Reached skill level 4 in Fighting
   165 | Abyss:3  | Reached XP level 2. HP: 28/28 MP: 3/3
   165 | Abyss:3  | Reached XP level 3. HP: 34/34 MP: 4/4
   165 | Abyss:3  | Reached XP level 4. HP: 41/41 MP: 5/5
   175 | Abyss:3  | Noticed a deep elf elementalist
   193 | Abyss:3  | Noticed a wraith
   194 | Abyss:3  | Noticed a hellwing
   202 | Abyss:3  | Noticed a starcursed mass
   202 | Abyss:3  | Noticed a smoke demon
   222 | Abyss:3  | Noticed a starcursed mass
   222 | Abyss:3  | Noticed an apocalypse crab
   241 | Abyss:3  | Noticed a neqoxec
   242 | Abyss:3  | Noticed an efreet
   244 | Abyss:3  | Killed from afar by an efreet

Levels and vault maps discovered:
Abyss:3:  guppyfry_abyss_exit_imp_island, evilmike_abyss_rune_ettins

Skill      XL: |  1 |
---------------+----+-----
Fighting       | 4 |  4.5
Axes           | 2 |  2.3
Armour         | |  1.8
Dodging        | |  0.7
Invocations    | |  2.5
Evocations     | |  0.2

Action                   |  1- 3 |  4- 6 || total
-------------------------+-------+-------++-------
Evoke: Lamp of fire      |     1 |       ||     1
  Use: Potion            |     1 |     1 ||     2
       Scroll            |     1 |       ||     1
Dodge: Dodged            |     2 |       ||     2

Table legend:
 A = Non-vault XP
 B = Vault XP
 C = Vault XP percentage of total XP
 D = Non-vault monster count
 E = Vault monster count
 F = Vault count percentage of total count
                 A         B        C        D         E       F
            +---------+---------+-------+---------+---------+-------
      Total |     156 |       0 |   0.0 |       1 |       0 |   0.0
            +---------+---------+-------+---------+---------+-------
    Abyss:3 |     156 |       0 |   0.0 |       1 |       0 |   0.0
            +---------+---------+-------+---------+---------+-------
